[Event "Titled Tuesday Blitz November 07 Early 2023"]
[White "Shukhman, Anna"]
[Black "Rosen, Eric"]
[WhiteFideId "54180058"]
[BlackFideId "2032562"]
[WhiteElo "2545"]
[BlackElo "2738"]
[Result "1/2-1/2"]
[Round "10"]
[TimeControl "180+1"]
[Date "2023.11.07"]
[WhiteClock "0:00:12"]
[BlackClock "0:00:02"]
[Board "51"]

1. e4 c5 2. Nf3 e6 3. d4 cxd4 4. Nxd4 Nc6 5. c4 Nf6 6. Nc3 Bb4 7. Nxc6 bxc6 8. e5 Ne4 9. Qf3 Qa5 10. a3 Bxc3+ 11. bxc3 Qxe5 12. Bf4 Qf6 13. Rc1 d5 14. Be2 O-O 15. O-O e5 16. Be3 Bf5 17. Rfd1 Rfd8 18. cxd5 cxd5 19. g4 Bg6 20. Qxf6 Nxf6 21. Bf3 Be4 22. Kg2 Nxg4 23. Bxe4 Nxe3+ 24. fxe3 dxe4 25. Rxd8+ Rxd8 26. Rb1 g6 27. c4 Rd3 28. Rc1 Kf8 29. c5 Ke8 30. Kf2 Kd7 31. Rc4 Rxa3 32. Rxe4 f6 33. Rh4 h5 34. Rb4 Kc7 35. Kf3 Rc3 36. Ra4 a6 37. Rxa6 f5 38. Rxg6 f4 39. Ke4 Rxe3+ 40. Kd5 Rd3+ 41. Kxe5 f3 42. Rf6 h4 43. Ke4 Rc3 44. Rxf3 Rxc5 45. Rd3 Rc2 46. h3 Rg2 47. Kf4 Kc6 48. Rd1 Kc5 49. Rd8 Rf2+ 50. Kg4 Rf7 51. Kxh4 Rh7+ 52. Kg4 Rg7+ 53. Kf3 Rf7+ 54. Kg2 Rg7+ 55. Kh2 Rh7 56. Rd3 Kc4 57. Rf3 Rh8 58. Kg3 Kd5 59. h4 Ke4 60. Rf1 Rg8+ 61. Kh3 Rh8 62. Kg4 Rg8+ 63. Kh5 Rh8+ 64. Kg5 Rg8+ 65. Kh5 Rh8+ 66. Kg4 Rg8+ 67. Kh3 Rh8 68. Rf7 Ke5 69. Kg4 Ke6 70. Rf5 Rg8+ 71. Rg5 Rh8 72. h5 Kf6 73. Rg6+ Kf7 74. Kg5 Ra8 75. Rf6+ Kg7 76. h6+ Kh7 77. Rf7+ Kg8 78. Kg6 Ra6+ 79. Rf6 Ra8 80. h7+ Kh8 81. Kh6 Rd8 82. Rg6 Rd6 83. Rxd6 1/2-1/2


[Site "https://www.chess.com"]

[Event "Titled Tuesday Blitz November 07 Early 2023"]
[White "Marchesich, Giovanni"]
[Black "Rakotomaharo, Fy Antenaina"]
[WhiteFideId "2824790"]
[BlackFideId "13100050"]
[WhiteElo "2414"]
[BlackElo "2729"]
[Result "1-0"]
[Round "10"]
[TimeControl "180+1"]
[Date "2023.11.07"]
[WhiteClock "0:01:18"]
[BlackClock "0:00:31"]
[Board "52"]

1. e4 c5 2. Nf3 e6 3. d4 cxd4 4. Nxd4 a6 5. Bd3 Nf6 6. O-O Qc7 7. Be3 b6 8. c4 Bb7 9. Nd2 d6 10. f4 Nbd7 11. b4 Be7 12. g4 h5 13. h3 hxg4 14. hxg4 Rh4 15. g5 Ng4 16. Bf2 Nxf2 17. Rxf2 O-O-O 18. Rh2 Rxh2 19. Kxh2 Rh8+ 20. Kg3 e5 21. Nf5 exf4+ 22. Kxf4 Ne5 23. Nf3 Rh3 24. Nxe5 dxe5+ 25. Kg4 Rh8 26. Qf3 Bxb4 27. Rh1 Rd8 28. Rh7 g6 29. Rxf7 Qxf7 30. Nd6+ Rxd6 31. Qxf7 Rxd3 32. Qxg6 Rd4 33. Qe6+ Kd8 34. Qxb6+ Kc8 35. Qxb4 Bxe4 36. Qc5+ Kb7 37. Qxe5 Rxc4 38. Kh5 Kb6 39. g6 Rc6 40. g7 1-0


[Site "https://www.chess.com"]

[Event "Titled Tuesday Blitz November 07 Early 2023"]
[White "Rustemov, Alexander"]
[Black "vishwa_vijeta"]
[WhiteFideId "4119002"]
[WhiteElo "2814"]
[BlackElo "2499"]
[Result "0-1"]
[Round "10"]
[TimeControl "180+1"]
[Date "2023.11.07"]
[WhiteClock "0:00:00"]
[BlackClock "0:00:15"]
[Board "53"]

1. d4 Nf6 2. c4 g6 3. Nf3 Bg7 4. g3 c6 5. b3 d5 6. Nbd2 O-O 7. Bb2 dxc4 8. Nxc4 Be6 9. Qc2 Bf5 10. Qc1 Nd5 11. a3 Nd7 12. Bg2 Re8 13. O-O Qc7 14. b4 Be4 15. Ncd2 Bxf3 16. Bxf3 N5b6 17. Nb3 e5 18. e3 Na4 19. Rb1 Nxb2 20. Qxb2 exd4 21. Nxd4 Rad8 22. Rfd1 c5 23. bxc5 Nxc5 24. Qb4 b6 25. a4 Bxd4 26. Rxd4 Ne6 27. Rc4 Qe5 28. h4 Qf5 29. Kg2 Nc5 30. Rd1 Rxd1 31. Bxd1 Nd3 32. Qb5 Qxf2+ 33. Kh3 Rxe3 34. Rc8+ Kg7 35. Qg5 Nf4+ 0-1


[Site "https://www.chess.com"]

[Event "Titled Tuesday Blitz November 07 Early 2023"]
[White "Kotlyar, Kirill"]
[Black "Hayrapetyan, Hovik"]
[WhiteFideId "24145599"]
[BlackFideId "13302639"]
[WhiteElo "2555"]
[BlackElo "2755"]
[Result "1-0"]
[Round "10"]
[TimeControl "180+1"]
[Date "2023.11.07"]
[WhiteClock "0:00:11"]
[BlackClock "0:01:21"]
[Board "54"]

1. d4 Nf6 2. Bg5 d5 3. Bxf6 exf6 4. e3 Bd6 5. Nd2 O-O 6. g3 c6 7. Bg2 Nd7 8. Ne2 f5 9. c4 Nc5 10. dxc5 Bxc5 11. cxd5 cxd5 12. O-O Be6 13. Nb3 Bb6 14. Nbd4 Qf6 15. Nf4 Rad8 16. h4 g6 17. Rc1 Rd6 18. b4 Rfd8 19. a4 a6 20. a5 Ba7 21. Rc7 R6d7 22. Qc2 Bxd4 23. exd4 Qxd4 24. Rxd7 Bxd7 25. Nxd5 Bb5 26. Rd1 Qe5 27. Qc5 Kg7 28. Qd4 f6 29. Qc5 Bc6 30. Kh2 g5 31. hxg5 fxg5 32. Ne3 Qxc5 33. bxc5 Rxd1 34. Nxd1 Bxg2 35. Kxg2 Kf6 36. f4 g4 37. Ne3 h5 38. Kf2 Kg6 39. Nc4 Kf6 40. Nd6 Ke6 41. Nxb7 Kd5 42. Nd6 Kxc5 43. Nxf5 Kb5 44. Ng7 Kxa5 45. f5 Kb4 46. f6 a5 47. f7 1-0


[Site "https://www.chess.com"]

[Event "Titled Tuesday Blitz November 07 Early 2023"]
[White "Preotu, Razvan"]
[Black "Avazkhonov, Alikhon"]
[WhiteFideId "2613280"]
[BlackFideId "14208504"]
[WhiteElo "2718"]
[BlackElo "2550"]
[Result "0-1"]
[Round "10"]
[TimeControl "180+1"]
[Date "2023.11.07"]
[WhiteClock "0:00:08"]
[BlackClock "0:00:03"]
[Board "55"]

1. e4 c5 2. Nf3 d6 3. d4 cxd4 4. Nxd4 Nf6 5. Nc3 a6 6. Be3 e5 7. Nb3 Be6 8. h3 Nc6 9. Qf3 d5 10. exd5 Bxd5 11. Nxd5 Qxd5 12. Qf5 e4 13. Qxd5 Nxd5 14. O-O-O Nxe3 15. fxe3 Be7 16. Bc4 O-O 17. Bd5 Bg5 18. Bxe4 Bxe3+ 19. Kb1 Rac8 20. Rd7 b5 21. Rd6 Ne5 22. Re1 Bf4 23. Rxa6 f5 24. Bd5+ Kh8 25. Re6 Nc4 26. c3 Rcd8 27. Bxc4 bxc4 28. Nd4 h6 29. Rf1 Bg5 30. Rc6 Rfe8 31. Rxc4 Be3 32. Nxf5 Bg5 33. Rd4 Rb8 34. Rf2 Re1+ 35. Kc2 Rc1+ 36. Kd3 Rd1+ 37. Kc4 Rc8+ 38. Kb3 Rb8+ 39. Rb4 Rf8 40. Rf3 Rd5 41. Nd4 Re8 42. a4 Bc1 43. Rb5 Rd6 44. Kc2 Bg5 45. h4 Be3 46. Nf5 Rd2+ 47. Kb3 Bf2 48. Rb7 Re1 49. Nxg7 Rb1 50. Rff7 Rdxb2+ 51. Kc4 Rxb7 52. Rxf2 Kxg7 53. a5 Rc7+ 54. Kd5 Rd1+ 55. Ke6 Rxc3 56. Ra2 Re3+ 57. Kf5 Rd5+ 58. Kf4 Re7 59. a6 Ra7 60. g4 Rd6 61. Kf5 Rdxa6 62. Re2 Rf6+ 63. Ke4 Re7+ 0-1


[Site "https://www.chess.com"]

[Event "Titled Tuesday Blitz November 07 Early 2023"]
[White "Lymar, Vladislav"]
[Black "Perez Gormaz, Matias"]
[WhiteFideId "14162180"]
[BlackFideId "3406342"]
[WhiteElo "2545"]
[BlackElo "2713"]
[Result "0-1"]
[Round "10"]
[TimeControl "180+1"]
[Date "2023.11.07"]
[WhiteClock "0:00:04"]
[BlackClock "0:00:30"]
[Board "56"]

1. d4 Nf6 2. c4 e6 3. Bf4 d5 4. cxd5 exd5 5. e3 Bd6 6. Bxd6 Qxd6 7. Bd3 Bg4 8. Qb3 Nbd7 9. Nc3 O-O 10. Nge2 Bxe2 11. Bxe2 c6 12. O-O Rab8 13. Rac1 Rfe8 14. Bd3 Ng4 15. g3 Qh6 16. h4 Nxe3 17. Rfe1 Nf6 18. Na4 Neg4 19. Qc2 g6 20. Nc5 Kg7 21. Rxe8 Rxe8 22. Nxb7 Nxf2 23. Kxf2 Ng4+ 24. Kf3 f5 25. Nd6 Re3+ 26. Kg2 Re6 27. Nxf5+ gxf5 28. Qc5 Qd2+ 29. Kf3 Qf2# 0-1


[Site "https://www.chess.com"]

[Event "Titled Tuesday Blitz November 07 Early 2023"]
[White "Harikrishnan.A.Ra"]
[Black "Slade, Theodore"]
[WhiteFideId "5081483"]
[BlackFideId "426547"]
[WhiteElo "2686"]
[BlackElo "2543"]
[Result "1-0"]
[Round "10"]
[TimeControl "180+1"]
[Date "2023.11.07"]
[WhiteClock "0:00:15"]
[BlackClock "0:00:10"]
[Board "57"]

1. d4 d5 2. Nf3 e6 3. Bf4 c5 4. c3 Nc6 5. e3 Nf6 6. Nbd2 Bd6 7. Bg3 O-O 8. Bd3 b6 9. e4 Be7 10. e5 Nh5 11. Ng5 Bxg5 12. Qxh5 g6 13. Qe2 cxd4 14. h4 Bh6 15. h5 Bg7 16. hxg6 hxg6 17. cxd4 Nxd4 18. Qg4 Nf5 19. Bf4 Qc7 20. Nf3 a5 21. Qh3 Re8 22. Bg5 Bxe5 23. Rc1 Qd6 24. Rc6 Qb4+ 25. Bd2 Qxb2 26. Rc2 Qa1+ 27. Rc1 Qb2 28. Rb1 Ba6 29. Rxb2 Bxb2 30. Bxf5 exf5+ 31. Kd1 Rac8 32. Be3 Bb5 33. Bd4 Be2+ 34. Kd2 Bxf3 35. Qh8# 1-0


[Site "https://www.chess.com"]

[Event "Titled Tuesday Blitz November 07 Early 2023"]
[White "Hua, Lefong"]
[Black "Alinasab, Mobina"]
[WhiteFideId "2602253"]
[BlackFideId "12528897"]
[WhiteElo "2686"]
[BlackElo "2536"]
[Result "1-0"]
[Round "10"]
[TimeControl "180+1"]
[Date "2023.11.07"]
[WhiteClock "0:01:51"]
[BlackClock "0:02:25"]
[Board "58"]

1. d4 Nf6 2. c4 e6 3. Nc3 Bb4 4. f3 d5 5. a3 Bxc3+ 6. bxc3 c5 7. cxd5 Nxd5 8. dxc5 Qa5 9. e4 Nf6 10. Be3 Kf8 11. Qb3 Nc6 12. Ne2 Nd7 13. a4 Kg8 14. Qa3 h6 15. Nd4 Nce5 16. Nb5 Kh7 17. Be2 a6 18. Nd6 Rf8 19. O-O Nc6 20. f4 b6 21. Nc4 1-0


[Site "https://www.chess.com"]

[Event "Titled Tuesday Blitz November 07 Early 2023"]
[White "Ovetchkin, Roman"]
[Black "Bettalli, Francesco"]
[WhiteFideId "4119991"]
[BlackFideId "2816453"]
[WhiteElo "2680"]
[BlackElo "2536"]
[Result "0-1"]
[Round "10"]
[TimeControl "180+1"]
[Date "2023.11.07"]
[WhiteClock "0:01:05"]
[BlackClock "0:01:37"]
[Board "59"]

1. d4 Nf6 2. c4 c5 3. d5 a6 4. g3 b5 5. Bg2 Bb7 6. e4 d6 7. Nd2 e6 8. Ne2 g6 9. O-O Bg7 10. Nf4 e5 11. Nd3 O-O 12. b3 Ne8 13. Bb2 f5 14. f4 exf4 15. Bxg7 Nxg7 16. Nxf4 Qf6 17. Qc2 Nd7 18. Rae1 Rae8 19. Kh1 g5 20. Nd3 Qg6 21. exf5 Nxf5 22. Rxe8 Rxe8 23. Nxc5 Nxg3+ 0-1


[Site "https://www.chess.com"]

[Event "Titled Tuesday Blitz November 07 Early 2023"]
[White "Mamedov, Edgar"]
[Black "Pham, Le Thao Nguyen"]
[WhiteFideId "13739980"]
[BlackFideId "12401226"]
[WhiteElo "2677"]
[BlackElo "2531"]
[Result "1-0"]
[Round "10"]
[TimeControl "180+1"]
[Date "2023.11.07"]
[WhiteClock "0:00:08"]
[BlackClock "0:00:00"]
[Board "60"]

1. d4 d5 2. c4 c6 3. Nf3 Nf6 4. Nc3 a6 5. g3 Bf5 6. Bg2 e6 7. O-O h6 8. Nd2 Be7 9. e4 dxe4 10. Ndxe4 O-O 11. Bf4 a5 12. Nc5 Ra7 13. Be3 Na6 14. Nxa6 Rxa6 15. Qb3 Rb6 16. Qd1 Rxb2 17. Na4 Rb4 18. c5 Nd5 19. a3 Rc4 20. Qb3 Rc2 21. Rac1 Rxc1 22. Bxc1 Qa8 23. Nc3 Nxc3 24. Qxc3 Rd8 25. Be3 Qa6 26. Rd1 Qb5 27. Bf1 Qa4 28. Rd2 Bf6 29. Be2 e5 30. dxe5 Rxd2 31. Bxd2 Be7 32. f3 Qc2 33. Qxc2 Bxc2 34. Be3 a4 35. Bd4 Kf8 36. f4 f6 37. exf6 gxf6 38. Bc4 Ke8 39. Kf2 Kd8 40. Be6 Kc7 41. g4 Kb8 42. Ke2 b6 43. cxb6 Bxa3 44. Bxf6 Bc5 45. h4 Bxb6 46. f5 a3 47. g5 hxg5 48. hxg5 Bb1 49. g6 a2 50. g7 1-0


[Site "https://www.chess.com"]

[Event "Titled Tuesday Blitz November 07 Early 2023"]
[White "Kleiman, Jake"]
[Black "Manukian, Artak"]
[WhiteFideId "2020041"]
[BlackFideId "13301373"]
[WhiteElo "2663"]
[BlackElo "2525"]
[Result "1-0"]
[Round "10"]
[TimeControl "180+1"]
[Date "2023.11.07"]
[WhiteClock "0:00:18"]
[BlackClock "0:00:15"]
[Board "61"]

1. e4 c6 2. Nc3 d5 3. Nf3 dxe4 4. Nxe4 Nf6 5. Qe2 Nxe4 6. Qxe4 Qd5 7. Qf4 Qf5 8. Qa4 e5 9. d4 exd4 10. Nxd4 Qe4+ 11. Be3 Bc5 12. Bd3 Qe7 13. O-O O-O 14. Rfe1 b5 15. Nxb5 cxb5 16. Qe4 Qxe4 17. Bxe4 Bxe3 18. Rxe3 Nc6 19. Bxc6 Rb8 20. Re7 a5 21. Re5 Ba6 22. Be4 Rfd8 23. Bd3 Rb6 24. Rd1 Kf8 25. Kf1 a4 26. Ke1 Rbd6 27. a3 b4 28. Be2 Rxd1+ 29. Bxd1 bxa3 30. bxa3 Rd4 31. Be2 Bxe2 32. Kxe2 f6 33. Rb5 Rc4 34. Kd3 Rf4 35. f3 Rh4 36. h3 Ke7 37. Rb4 Rh5 38. Rxa4 Rd5+ 39. Rd4 Ra5 40. a4 Ke6 41. h4 g5 42. hxg5 fxg5 43. g4 h5 44. gxh5 Kf5 45. c3 Ra8 46. Rc4 Rh8 47. a5 Rxh5 48. a6 Rh8 49. a7 Ra8 50. Ra4 Ke5 51. Ke3 Kd5 52. Kf2 Kc5 53. c4 Kb6 54. Kg3 Rxa7 55. Rxa7 Kxa7 56. Kg4 Kb6 57. Kxg5 Kc5 58. f4 Kxc4 59. f5 Kd5 60. Kg6 Kd6 61. f6 Kd7 62. Kg7 Ke8 63. f7+ 1-0


[Site "https://www.chess.com"]

[Event "Titled Tuesday Blitz November 07 Early 2023"]
[White "Piesik, Piotr"]
[Black "Santos Flores, Alberto"]
[WhiteFideId "1136194"]
[BlackFideId "3601234"]
[WhiteElo "2662"]
[BlackElo "2518"]
[Result "1-0"]
[Round "10"]
[TimeControl "180+1"]
[Date "2023.11.07"]
[WhiteClock "0:01:03"]
[BlackClock "0:01:10"]
[Board "62"]

1. Nf3 d5 2. g3 Nf6 3. Bg2 c6 4. O-O Bf5 5. d3 h6 6. Nbd2 e6 7. Qe1 Bh7 8. e4 Be7 9. Qe2 dxe4 10. dxe4 Nbd7 11. a4 a5 12. b3 Nc5 13. Ne1 Qd4 14. Rb1 Ncxe4 15. Nxe4 Bxe4 16. Bb2 Qd5 17. Rd1 Qf5 18. Bxe4 Qxe4 19. Qxe4 Nxe4 20. Bxg7 Rh7 21. Be5 Bf6 22. Nd3 Rd8 23. Bxf6 Nxf6 24. Ne5 Rd5 25. Nc4 Kd7 26. Nb6+ Kc7 27. Nxd5+ cxd5 28. c4 Rh8 29. cxd5 Nxd5 30. Rd4 Kd6 31. Rc1 Ra8 32. Rh4 Ra6 33. Rd1 Rb6 34. Rd3 Ke7 35. Rxh6 Rc6 36. h4 Nf6 37. Rh8 Rc2 38. Rb8 Rc7 39. Kg2 e5 40. Re3 Ke6 41. f3 Nd5 42. Re2 f6 43. h5 Rh7 44. f4 Rxh5 45. fxe5 fxe5 46. Rxb7 Rg5 47. Kf2 Rf5+ 48. Ke1 Rg5 49. Kf2 Rf5+ 50. Kg1 Rg5 51. Kh2 Rh5+ 52. Kg2 Rg5 53. Kh3 Rh5+ 54. Kg4 Nf6+ 55. Kf3 Rf5+ 56. Kg2 Rg5 57. Rb6+ Kf5 58. Rf2+ 1-0


[Site "https://www.chess.com"]

[Event "Titled Tuesday Blitz November 07 Early 2023"]
[White "Kubicka, Anna"]
[Black "Melian, Juan Sebastian"]
[WhiteFideId "1152254"]
[BlackFideId "3706575"]
[WhiteElo "2516"]
[BlackElo "2661"]
[Result "1/2-1/2"]
[Round "10"]
[TimeControl "180+1"]
[Date "2023.11.07"]
[WhiteClock "0:00:24"]
[BlackClock "0:00:07"]
[Board "63"]

1. e4 c5 2. Ne2 e6 3. g3 Nc6 4. Bg2 g6 5. O-O Bg7 6. c3 d5 7. exd5 exd5 8. d4 cxd4 9. Nxd4 Nxd4 10. cxd4 Ne7 11. Nc3 O-O 12. Bg5 Be6 13. Bxe7 Qxe7 14. Nxd5 Bxd5 15. Bxd5 Rfd8 16. Qf3 Bxd4 17. Rae1 Qf6 18. b3 Rac8 19. Bxb7 Rc2 20. Qxf6 Bxf6 21. Rd1 Bd4 22. Kg2 Rxa2 23. Rd3 Bb6 24. Rxd8+ Bxd8 25. Kh3 Bb6 26. f4 Rd2 27. Ba6 Kg7 28. Bc4 h5 29. Re1 Kf6 30. Re2 Rd1 31. Kg2 Rg1+ 32. Kf3 Rc1 33. Rd2 Ke7 34. Re2+ Kf8 35. Rd2 Ke7 36. Re2+ Kf6 37. Rd2 Ke7 1/2-1/2


[Site "https://www.chess.com"]

[Event "Titled Tuesday Blitz November 07 Early 2023"]
[White "ChainedDowntohell"]
[Black "Degenbaev, Aziz"]
[BlackFideId "13802640"]
[WhiteElo "2515"]
[BlackElo "2659"]
[Result "1-0"]
[Round "10"]
[TimeControl "180+1"]
[Date "2023.11.07"]
[WhiteClock "0:00:02"]
[BlackClock "0:00:45"]
[Board "64"]

1. d4 Nf6 2. c4 g6 3. Nc3 Bg7 4. e4 d6 5. Be2 O-O 6. Be3 e5 7. d5 a5 8. h4 Na6 9. h5 Nc5 10. Qc2 c6 11. O-O-O cxd5 12. cxd5 Bd7 13. Bxc5 dxc5 14. h6 Bh8 15. a4 c4 16. Bxc4 Rc8 17. Bb5 Nxe4 18. Qxe4 Bf5 19. Qe3 Bf6 20. Ne2 Bg5 21. f4 exf4 22. Qf3 Qd6 23. Bd3 Bd7 24. Kb1 Qb4 25. Bc2 Rfe8 26. Rd4 Qb6 27. Rxf4 Bxf4 28. Qxf4 Qc5 29. Qf6 Qf8 30. Nd4 Re3 31. Bb3 Rcxc3 32. bxc3 Rxc3 33. Kb2 Rd3 34. d6 b5 35. axb5 a4 36. Bc4 a3+ 37. Ka1 Re3 38. Rf1 Be8 39. d7 Qb4 40. Qg7# 1-0


[Site "https://www.chess.com"]

[Event "Titled Tuesday Blitz November 07 Early 2023"]
[White "Mendez Fortes, Eduardo Jesus"]
[Black "a-z30"]
[WhiteFideId "3502376"]
[WhiteElo "2658"]
[BlackElo "2514"]
[Result "1-0"]
[Round "10"]
[TimeControl "180+1"]
[Date "2023.11.07"]
[WhiteClock "0:00:48"]
[BlackClock "0:00:02"]
[Board "65"]

1. e4 d6 2. d4 Nf6 3. Nc3 g6 4. f4 Bg7 5. Nf3 O-O 6. Bd3 Nc6 7. O-O e5 8. fxe5 dxe5 9. d5 Ne7 10. Qe1 c6 11. dxc6 Nxc6 12. Be3 Nh5 13. Rd1 Nf4 14. Bc4 Qa5 15. Nd5 Be6 16. c3 Bxd5 17. exd5 Ne7 18. b4 Qd8 19. d6 Nf5 20. Bxf4 exf4 21. Ne5 Bxe5 22. Qxe5 Ne3 23. Qxf4 Nxd1 24. Bxf7+ Kg7 25. Qd4+ Kh6 26. Qxd1 Qg5 27. Qd4 Rad8 28. c4 Rd7 29. Be6 Rxf1+ 30. Kxf1 Rd8 31. Bg4 Qc1+ 32. Kf2 Rf8+ 33. Bf3 Qc2+ 34. Kg3 Qf5 35. c5 Qg5+ 36. Kh3 Qf5+ 37. Qg4 Qxg4+ 38. Bxg4 Kg7 39. b5 Kf6 40. c6 bxc6 41. bxc6 h5 42. Bf3 Ke6 43. d7 Kd6 44. Kh4 Kc7 45. Kg5 Rg8 46. Kf6 Rf8+ 47. Kxg6 h4 48. h3 Rf4 49. Kg5 Ra4 50. Kf6 Kd8 51. Ke6 Rxa2 52. Kd6 Rd2+ 53. Bd5 Rxd5+ 54. Kxd5 Kc7 1-0


[Site "https://www.chess.com"]

[Event "Titled Tuesday Blitz November 07 Early 2023"]
[White "Adla, Diego"]
[Black "Krzywda, Andrzej"]
[WhiteFideId "100072"]
[BlackFideId "1114565"]
[WhiteElo "2652"]
[BlackElo "2511"]
[Result "0-1"]
[Round "10"]
[TimeControl "180+1"]
[Date "2023.11.07"]
[WhiteClock "0:00:16"]
[BlackClock "0:00:20"]
[Board "66"]

1. e4 e5 2. Nf3 Nf6 3. Nc3 Bb4 4. Nxe5 O-O 5. Nd3 Bxc3 6. dxc3 Nxe4 7. Be3 Re8 8. Qh5 Qf6 9. O-O-O Nc6 10. Kb1 d6 11. Be2 Bf5 12. Rhe1 Bg6 13. Qf3 a6 14. Qxf6 Nxf6 15. Bg5 Ne4 16. Be3 h6 17. Bf3 Ne5 18. Nxe5 Rxe5 19. Kc1 Rae8 20. c4 R5e7 21. h4 b6 22. Bd4 a5 23. b3 Kf8 24. Re2 Nc5 25. Rxe7 Rxe7 26. g4 Be4 27. Bh1 Bxh1 28. Rxh1 Re4 29. Bxc5 dxc5 30. f3 Rf4 31. Rh3 Ke7 32. Kd2 Kd6 33. Ke3 Rf6 34. Rh2 Re6+ 35. Kd3 Re1 36. a4 Rf1 37. Ke3 Rc1 38. Rd2+ Ke7 39. h5 Rg1 40. Kf4 Re1 41. Kf5 Re3 42. f4 Rh3 43. Re2+ Kd7 44. Rd2+ Ke7 45. Ke4 Rg3 46. Kf5 Rg1 47. g5 hxg5 48. fxg5 Rf1+ 49. Kg4 Rg1+ 50. Kh4 Rh1+ 51. Kg4 Rg1+ 52. Kf4 Rh1 53. Re2+ Kd7 54. g6 Rf1+ 55. Kg4 fxg6 56. hxg6 Rg1+ 57. Kf5 Rf1+ 58. Ke5 Rg1 59. Rf2 Rg5+ 60. Rf5 Rxg6 61. Rf7+ Kc6 62. Kf5 Rg2 63. Rxg7 Rxg7 0-1


[Site "https://www.chess.com"]

[Event "Titled Tuesday Blitz November 07 Early 2023"]
[White "Volkov, Maksim"]
[Black "Grossboss19"]
[WhiteFideId "54123070"]
[WhiteElo "2647"]
[BlackElo "2509"]
[Result "0-1"]
[Round "10"]
[TimeControl "180+1"]
[Date "2023.11.07"]
[WhiteClock "0:00:08"]
[BlackClock "0:00:14"]
[Board "67"]

1. a3 d5 2. Nf3 Nf6 3. b4 e6 4. Bb2 c6 5. e3 a5 6. b5 c5 7. c4 b6 8. d3 Bb7 9. Nbd2 Nbd7 10. Be2 Bd6 11. Qc2 O-O 12. Rg1 Qc7 13. g4 Ne5 14. g5 Nfd7 15. h4 Nxf3+ 16. Nxf3 Ne5 17. Nd2 Rad8 18. f4 Nd7 19. cxd5 exd5 20. O-O-O d4 21. Nc4 Rfe8 22. f5 Bh2 23. e4 Bxg1 24. Rxg1 Ne5 25. Nxe5 Qxe5 26. Kb1 Rc8 27. g6 fxg6 28. fxg6 c4 29. Bg4 Rc7 30. Ka1 cxd3 31. Qb3+ Kh8 32. gxh7 Bxe4 33. h5 Qd5 34. Qxd5 Bxd5 35. Bxd4 d2 36. Kb2 Re1 37. h6 Rxg1 38. Bxg1 Kxh7 39. Be3 Rc4 40. Bh5 Rh4 41. Bd1 Rh1 42. Bc2+ g6 43. Bxd2 Rh2 44. Kc3 Rh3+ 45. Kd4 Be6 46. a4 Bf5 47. Bxf5 gxf5 48. Ke5 Kg6 49. Kd6 Rd3+ 50. Kc6 Rxd2 51. Kxb6 f4 52. Kc7 f3 53. b6 f2 54. b7 Rc2+ 0-1


[Site "https://www.chess.com"]

[Event "Titled Tuesday Blitz November 07 Early 2023"]
[White "Kanyamarala, Trisha"]
[Black "Yelisieiev, Yevhenii"]
[WhiteFideId "45004722"]
[BlackFideId "14139642"]
[WhiteElo "2511"]
[BlackElo "2645"]
[Result "0-1"]
[Round "10"]
[TimeControl "180+1"]
[Date "2023.11.07"]
[WhiteClock "0:00:08"]
[BlackClock "0:00:11"]
[Board "68"]

1. c4 e6 2. Nc3 d5 3. e3 c5 4. cxd5 exd5 5. d4 Nf6 6. Nf3 Nc6 7. Bd3 cxd4 8. exd4 h6 9. h3 Bd6 10. O-O O-O 11. a3 Be6 12. b4 a5 13. b5 Nb8 14. b6 Nbd7 15. Nb5 Nxb6 16. a4 Bb4 17. Bf4 Rc8 18. Rc1 Qd7 19. Ne5 Qe7 20. Qf3 Nxa4 21. Bb1 Ne4 22. Bxe4 dxe4 23. Qxe4 Nc3 24. Nxc3 Rxc3 25. d5 Bd7 26. Qd4 Rfc8 27. Rcd1 Bb5 28. d6 Bxd6 29. Qxd6 Qxd6 30. Rxd6 Bxf1 31. Kxf1 a4 32. Bd2 Rb3 33. Rd4 b5 34. Nd3 a3 35. Nb4 Rb2 36. Ke1 a2 37. Nxa2 Rxa2 38. Rb4 Rcc2 39. Be3 Ra1+ 0-1


[Site "https://www.chess.com"]

[Event "Titled Tuesday Blitz November 07 Early 2023"]
[White "Hajiyev, Kanan"]
[Black "Adewumi, Tanitoluwa"]
[WhiteFideId "13404148"]
[BlackFideId "30966396"]
[WhiteElo "2508"]
[BlackElo "2641"]
[Result "0-1"]
[Round "10"]
[TimeControl "180+1"]
[Date "2023.11.07"]
[WhiteClock "0:01:17"]
[BlackClock "0:00:04"]
[Board "69"]

1. d4 Nf6 2. c4 e6 3. Nf3 b6 4. Nc3 Bb7 5. g3 d5 6. cxd5 exd5 7. Bg2 Bd6 8. O-O O-O 9. Bg5 Nbd7 10. Bf4 Bxf4 11. gxf4 Ne4 12. Rc1 a6 13. e3 Rc8 14. Nxe4 dxe4 15. Ne5 Nf6 16. Qb3 Qd6 17. Rfd1 a5 18. a3 Bd5 19. Qc2 c5 20. dxc5 Rxc5 21. Qd2 Rfc8 22. Rxc5 Qxc5 23. Bh3 Rc7 24. Kg2 h6 25. Nd7 Nxd7 26. Qxd5 Nf6 27. Qxc5 Rxc5 28. Rd4 Rc2 29. b4 axb4 30. axb4 g6 31. Rd6 Kg7 32. Rxb6 Nd5 33. Rb7 Nxe3+ 34. Kg3 Nd5 35. Be6 Rc3+ 36. Kh4 Nxf4 37. Rxf7+ Kh8 38. Rf8+ Kg7 39. Rf7+ Kh8 40. Kg4 Nxe6 41. Rf6 Ng7 42. Rxg6 Kh7 43. Rb6 Rc4 44. Kf4 Kg8 45. Ke5 Rc2 46. Rb8+ Kf7 47. Rb7+ Kg6 48. Kxe4 Rxf2 49. h4 Rh2 50. Rb6+ Kf7 51. Rb7+ Kf6 52. b5 Rxh4+ 53. Kd5 Rb4 54. Rb6+ Kf5 55. Kc5 Rb1 56. Rb8 Ne6+ 57. Kc4 Ke5 58. b6 h5 59. Rh8 Rxb6 60. Rxh5+ Kd6 61. Rh6 Rb8 62. Rg6 Rf8 63. Rh6 Rf4+ 64. Kd3 Kd5 65. Rh5+ Kd6 66. Rh6 Ra4 67. Rh5 Nf4+ 68. Kc3 Nxh5 0-1


[Site "https://www.chess.com"]

[Event "Titled Tuesday Blitz November 07 Early 2023"]
[White "Dinu, Dumitru-Daniel"]
[Black "Kvaloy, Aksel Bu"]
[WhiteFideId "1208403"]
[BlackFideId "1528815"]
[WhiteElo "2499"]
[BlackElo "2627"]
[Result "1/2-1/2"]
[Round "10"]
[TimeControl "180+1"]
[Date "2023.11.07"]
[WhiteClock "0:00:13"]
[BlackClock "0:01:27"]
[Board "70"]

1. e4 e5 2. Nf3 Nf6 3. Nxe5 Nc6 4. Nxc6 dxc6 5. d3 Bc5 6. Be2 h5 7. h3 Qd4 8. O-O Ng4 9. Be3 Nxe3 10. fxe3 Qxe3+ 11. Kh1 Bd6 12. Rf3 Qd4 13. Nd2 Bg4 14. c3 Qe5 15. Nf1 Bxf3 16. Bxf3 f6 17. d4 Qf4 18. Bxh5+ Ke7 19. Bf3 g5 20. Qe2 g4 21. Bxg4 Rag8 22. Bf5 Kd8 23. Rd1 Rg5 24. e5 Qxf5 25. exd6 Rxh3+ 26. gxh3 Qxh3+ 27. Nh2 cxd6 28. Re1 Kc7 29. Qf2 Kb6 30. d5+ c5 31. c4 Rf5 32. Qg2 Qd3 33. Rf1 Rxf1+ 34. Qxf1 Qe4+ 35. Qf3 Qxc4 36. Qb3+ Qxb3 37. axb3 Kb5 38. Ng4 Kb4 39. Nxf6 Kxb3 40. Ne4 Kc4 41. Nxd6+ Kxd5 42. Nxb7 Kc4 43. Nd6+ Kb3 44. Nb7 c4 45. Na5+ Kb4 46. Nc6+ Kb3 47. Nxa7 Kxb2 48. Nb5 Kb3 49. Kg2 Kb4 50. Nd4 c3 51. Kf2 Kc4 52. Nc2 Kd3 53. Ne3 Kd2 54. Kf3 c2 55. Nxc2 1/2-1/2


[Site "https://www.chess.com"]

[Event "Titled Tuesday Blitz November 07 Early 2023"]
[White "Pinto, Daniel"]
[Black "Tasev, Dejan"]
[WhiteFideId "3303144"]
[BlackFideId "936618"]
[WhiteElo "2496"]
[BlackElo "2610"]
[Result "1-0"]
[Round "10"]
[TimeControl "180+1"]
[Date "2023.11.07"]
[WhiteClock "0:00:06"]
[BlackClock "0:00:38"]
[Board "71"]

1. e4 c5 2. Nf3 Nc6 3. Bb5 g6 4. O-O Bg7 5. Re1 d6 6. c3 Bd7 7. d4 cxd4 8. cxd4 a6 9. Ba4 Nf6 10. Nc3 O-O 11. h3 b5 12. Bc2 Rc8 13. e5 Ne8 14. Bf4 dxe5 15. dxe5 Nc7 16. Qd2 Ne6 17. Bh6 Na5 18. Bxg7 Kxg7 19. Rad1 Nc4 20. Qxd7 Qxd7 21. Rxd7 Nxb2 22. Bb3 Rxc3 23. Rxe7 Nd3 24. Bxe6 Nxe1 25. Nxe1 Rc1 26. Kf1 Rd8 27. Rxf7+ Kh6 28. Ke2 Re8 29. Nd3 Rc2+ 30. Kd1 Rc3 31. Kd2 Ra3 32. Bb3 a5 33. Kc3 b4+ 34. Kb2 Rd8 35. Nc5 Rd2+ 36. Kc1 Rdxa2 37. Bxa2 Rxa2 38. Ra7 Rxf2 39. Rxa5 Rxg2 40. Nd3 b3 41. Ra6 Rc2+ 42. Kd1 Rc7 43. Kd2 Kg5 44. e6 Kf6 45. Rb6 Re7 46. Nf4 Ke5 47. Nd3+ Kd4 48. Rxb3 Rxe6 49. Rb4+ Kd5 50. Nf4+ Ke5 51. Nxe6 Kxe6 52. Ke3 Kf5 53. Rb5+ Kf6 54. Kf4 h6 55. Rb6+ Kg7 56. h4 Kf7 57. Ke5 Kg7 58. Rb7+ 1-0


[Site "https://www.chess.com"]